Map: Lost and Found LE

Players

Probe - Winner!

  • Race: Protoss Protoss
  • Spawn Location: 7:00

Allaryce

  • Race: Zerg Zerg
  • Spawn Location: 1:00

Event: WCS Austin 2018

VOD

Have the link to the VOD?

Description

Time

  • Played on: June 1, 2018, 2:32 p.m.
  • Length: 4:46

All games in this series

Show
View Real Time Build Order
Export as new Build Order

Probe Protoss - Winner!

Build Orders: Cannon Rush 

Get SALT Encoding   

  12  0:00  Probe  
  13  0:12  Probe  
  14  0:17  Pylon  
  14  0:24  Probe  
  15  0:32  Probe  
  15  0:38  Forge  
  15  0:40  Probe  
  17  0:51  Pylon  
  17  0:52  Probe  
  18  1:04  Probe  
  18  1:11  Gateway  
  19  1:16  Probe  
  20  1:20  Photon Cannon  
  20  1:29  Probe  
  21  1:33  Photon Cannon  
  21  1:41  Assimilator, Probe  
  22  1:49  Assimilator  
  22  1:55  Probe  
  22  1:58  Photon Cannon  
  23  2:08  Probe, Photon Cannon  
  24  2:18  Cybernetics Core  
  24  2:21  Probe  
  25  2:27  Pylon  
  25  2:40  Pylon  
  25  2:42  Probe  
  26  2:47  Stalker  
  26  2:57  Robotics Facility  
  29  3:06  Photon Cannon  
  29  3:10  Photon Cannon  
  28  3:19  Photon Cannon  
  28  3:29  Shield Battery  
  28  3:35  Shield Battery  
  28  3:37  Immortal  
  28  3:44  Shield Battery  
  32  3:55  Pylon  
  32  4:01  Stalker  
  34  4:05  Immortal  
  38  4:26  Pylon  
  38  4:45  Pylon  
Show
View Real Time Build Order
Export as new Build Order

Allaryce Zerg 

Build Orders: Pool First 

Get SALT Encoding   

  12  0:01  Drone  
  13  0:14  Overlord  
  13  0:16  Drone  
  14  0:37  Spawning Pool  
  14  0:39  Drone  
  14  0:41  Drone  
  15  1:01  Drone  
  15  1:02  Drone x2  
  18  1:33  Drone  
  18  1:35  Zergling x2, Extractor  
  18  1:36  Zergling x2  
  20  1:47  Zergling x2  
  20  1:56  Hatchery  
  17  2:08  Zergling x2  
  17  2:09  Zergling x2  
  17  2:14  Queen  
  17  2:25  Drone  
  17  2:38  Drone  
  16  2:46  Drone  
  16  2:48  Spine Crawler  
  16  2:50  Drone, Queen  
  19  3:05  Roach Warren  
  18  3:08  Queen  
  18  3:10  Zergling x2  
  21  3:18  Zergling x2  
  21  3:19  Zergling x2  
  18  3:50  Drone  
  18  3:51  Roach x3  
  18  3:52  Roach  
  25  3:59  Overlord  
  25  4:09  Spine Crawler  
Tags
 
Add a new tag
Caveats
  • Supply blocks, unpowered buildings, or Contaminate may cause inaccurate times.
  • Supply counts are checked every 10 seconds.